 Seeded DCSS version 0.29-a0-925-g0a7a3d12f8 (webtiles) character file.

Game seed: 4880543421787619320 (custom seed)

28 ravioli the Digger (level 3, 14/14 HPs)
             Began as a Felid Earth Elementalist on July 28, 2022.
             Was a Follower of Trog.
             Quit the game on level 1 of the Dungeon.
             The game lasted 00:05:47 (1787 turns).

ravioli the Digger (Felid Earth Elementalist)       Turns: 1787, Time: 00:05:47

Health: 14/14      AC:  1    Str:  4    XL:     3   Next: 0%
Magic:  7/7        EV: 17    Int: 18    God:    Trog [*.....]
Gold:   118        SH:  0    Dex: 16    Spells: 5/6 levels left
                                        Lives:  0   Deaths: 0

rFire   . . .      SeeInvis +   (weapon unavailable)
rCold   . . .      Faith    .   (shield unavailable)
rNeg    . . .      Spirit   .   (body armour unavailable)
rPois   +          Reflect  .   (helmet unavailable)
rElec   .          Harm     .   (cloak unavailable)
rCorr   .          Rampage  .   (gloves unavailable)
Will    .....                   (boots unavailable)
Stlth   ++........              (no amulet)
HPRegen 0.04/turn               c - ring of poison resistance
MPRegen 0.10/turn               (no ring)

@: quick
A: very small, claws 1, fangs 3, see invisible, speed 1, shaggy fur 1, stealthy
paws, no weapons or thrown items, no armour, multi-lived
a: Renounce Religion, Berserk


You were on level 1 of the Dungeon.
You worshipped Trog.
Trog was aware of your devotion.
You visited 1 branch of the dungeon, and saw 2 of its levels.

You collected 118 gold pieces.

Inventory:

Armour
 e - an orb of energy
Jewellery
 c - a ring of poison resistance (left paw)
Scrolls
 b - a scroll of identify {unknown}
 d - a scroll of teleportation {unknown}
 f - a scroll of enchant weapon {unknown}
Potions
 a - a potion of magic
 g - a potion of attraction {unknown}


   Skills:
 + Level 3.0 Dodging
 + Level 3.0 Stealth
 - Level 2.4 Spellcasting
 - Level 1.1 Transmutations
 - Level 3.3 Earth Magic


You had 5 spell levels left.
You knew the following spells:

 Your Spells              Type           Power      Damage    Failure   Level
a - Sandblast             Erth           28%        2d8       4%          1

Your spell library contained the following spells:

 Spells                   Type           Power      Damage    Failure   Level
 Passwall                 Tmut/Erth      8%         N/A       11%         2
 Poisonous Vapours        Pois/Air       4%         N/A       26%         2
 Stone Arrow              Conj/Erth      16%        3d8       26%         3
 Petrify                  Tmut/Erth      10%        N/A       56%         4
 Anguish                  Hex/Necr       1%         N/A       86%         4
 Corpse Rot               Necr/Pois/Air  2%         N/A       86%         4
 Enfeeble                 Hex            1%         N/A       100%        7


Dungeon Overview and Level Annotations

Branches:
Dungeon (2/15)

Altars:
Trog


Innate Abilities, Weirdness & Mutations

You have sharp claws.
You have razor-sharp teeth.
You have supernaturally acute eyesight. (SInv)
You cover ground quickly. (Speed+)
You are covered in fur. (AC +1)
Your paws help you pounce on unaware monsters.
You are incapable of wielding weapons or throwing items.
You cannot wear armour.
You gain extra lives every three experience levels.


Message History

A rat comes into view.
Aiming: Sandblast (safe; 5% risk of failure)
Press: ? - help, Q - select action Shift-Dir - straight line, f - rat
Aim: a rat (asleep, 100% to hit)
The blast of sand hits the rat!
You kill the rat!
You start resting.
Magic restored.
You see here a rat corpse.
You see here a rat corpse.
There is an open door here.
A frilled lizard comes into view.
The frilled lizard hisses angrily.
Aiming: Sandblast (safe; 5% risk of failure)
Press: ? - help, Q - select action Shift-Dir - straight line, f - frilled lizard
Aim: a frilled lizard (70% to hit)
The blast of sand hits the frilled lizard!
You kill the frilled lizard!
You have reached level 3!
Your experience leads to an increase in your attributes!
Increase (S)trength, (I)ntelligence, or (D)exterity?
You feel clever. x2
You start resting.
Magic restored.
g - a blue potion
There is a stone staircase leading down here.
You see here a throwing net.
Done exploring.
Done exploring.
There is an open door here.
There is a faded altar of an unknown god here.
(D) Dungeon
Where to? (? - help)
What level of the Dungeon? (default 1, ? - help)
Okay, then.
You cannot tell which god this altar belongs to.
Convert to them anyway?
Trog accepts your prayer! Trog welcomes you!
You can now go berserk at will.
Are you sure you want to abandon this character and quit the game? (Confirm with "yes".)

#......)....#........#
#...........#........# ##
##.....[.............# #.
#....#...8.8........# #.
#######....#...#'#........#
#.
...........#...#.#........#
#.
.......(.....###.###......#
#.
.............#8.).8#......#
##
#######......#..@..#..#####
#......#8...8#..#
#......###.###..#
#........#.#....#
########.#'#....#
#.8.8..### #......#
########


There were no monsters in sight!

Vanquished Creatures
  3 endoplasms
  2 goblins (D:1)
  4 hobgoblins
  3 jackals (D:1)
  2 quokkas
  2 ball pythons (D:1)
  2 bats (D:1)
  3 frilled lizards
  2 kobolds
  5 rats
28 creatures vanquished.

Notes
Turn   | Place    | Note
-------+----------+-------------------------------------------
     0 | D:1      | ravioli the Felid Earth Elementalist began the quest for
                  | the Orb.
     0 | D:1      | Reached XP level 1. HP: 7/7 MP: 4/4
    47 | D:1      | You fall into a shaft and drop 1 floor!
   578 | D:2      | Reached XP level 2. HP: 9/11 MP: 3/6
   935 | D:1      | Found a faded altar of an unknown god.
  1722 | D:1      | Reached XP level 3. HP: 14/14 MP: 5/7
  1786 | D:1      | Prayed at the altar of an unknown god.
  1786 | D:1      | Became a worshipper of Trog the Wrathful
  1786 | D:1      | Reached * piety under Trog
  1787 | D:1      | Quit the game

Illustrated notes

Levels and vault maps discovered:
D:1:      roderic_dead_forest, layout_basic,
          dreamdust_ecumenical_altar_angels_and_demons
D:2:      layout_loops_ring, serial_park_tiny_2

Skill      XL: |  1  2 |
---------------+-------+-----
Stealth        | 3 |  3.0
Earth Magic    | 3 |  3.3
Dodging        | 3 |  3.0
Spellcasting   | |  2.4
Transmutations | |  1.1

Action                   || total
-------------------------++-------
 Cast: Sandblast         ||    35
Armor: Skin              ||     1
Dodge: Dodged            ||    20

Table legend: (Time is in decaauts)
 A = Elapsed time spent in this place.
 B = Non-inter-level travel time spent in this place.
 C = Inter-level travel time spent in this place.
 D = Time resting spent in this place.
 E = Time spent auto-exploring this place.
 F = Levels seen in this place.
 G = Mean time per level.
                   A        B        C        D        E       F      G
               +--------+--------+--------+--------+--------+-----+--------+
         Total |   1693 |   1693 |      0 |    977 |    478 |   2 |  846.5 |
       Dungeon |   1693 |   1693 |      0 |    977 |    478 |   2 |  846.5 |
               +--------+--------+--------+--------+--------+-----+--------+

Top non-repeatable levels by time:
     D:1: 1099 daAuts
     D:2: 593 daAuts
